| TOP OF THE 1ST |
|
Seattle Mariners batting - Pitching for Montreal Expos : RHP Jon Turman
|
|
Pitching: RHP Jon Turman
|
|
|
Batting: LHB John Zumbo
|
0-0: Foul Ball, location: 2F 0-1: Ground out 1-3 (Groundball, 13S, EV 67.5 MPH)
|
|
Batting: LHB Bi-jun Chien
|
0-0: Hit by Pitch
|
|
Batting: SHB Floyd-William Goof
|
0-0: Called Strike 0-1: Ball 1-1: Ball 2-1: Ball 3-1: Foul Ball, location: 2F 3-2: Foul Ball, location: 2F 3-2: Fly out, F7 (Flyball, 7D, EV 98.8 MPH)
|
|
Batting: SHB Tze-meng Gan
|
0-0: Ball 1-0: Called Strike 1-1: Called Strike Bi-jun Chien is caught stealing 2nd base 2-6
|
| Top of the 1st over - 0 runs, 0 hits, 0 errors, 0 left on base; Seattle 0 - Montreal 0 |
| BOTTOM OF THE 1ST |
|
Montreal Expos batting - Pitching for Seattle Mariners : RHP Yuri Bijleveld
|
|
Pitching: RHP Yuri Bijleveld
|
|
|
Batting: RHB Robby Juarez
|
0-0: Ball 1-0: Called Strike 1-1: Ball 2-1: Ball 3-1: Called Strike 3-2: Foul Ball, location: 2F 3-2: Fly out, F8 (Flyball, 78XD, EV 93.8 MPH)
|
|
Batting: SHB Pete Barutha
|
0-0: Ball 1-0: Called Strike 1-1: Ball 2-1: Foul Ball, location: 2F 2-2: Foul Ball, location: 2F 2-2: Fly out, F4 (Line Drive, 4, EV 66.2 MPH)
|
|
Batting: RHB Mike Salmon
|
0-0: Ball 1-0: Fly out, F8 (Flyball, 8RM, EV 85.6 MPH)
|
| Bottom of the 1st over - 0 runs, 0 hits, 0 errors, 0 left on base; Seattle 0 - Montreal 0 |
| TOP OF THE 2ND |
|
Seattle Mariners batting - Pitching for Montreal Expos : RHP Jon Turman
|
|
Batting: SHB Tze-meng Gan
|
0-0: Ball 1-0: Swinging Strike 1-1: Called Strike 1-2: Ball 2-2: SINGLE (Line Drive, 78S, EV 100.0 MPH)
|
|
Batting: LHB Dae-ik Yoon
|
0-0: Foul Ball, location: 2F 0-1: Foul Ball, location: 2F 0-2: Ball 1-2: Hit by Pitch Tze-meng Gan to second
|
|
Batting: RHB Jose Vasquez
|
0-0: Ball 1-0: Grounds into double play, 5-4-3 (Groundball, 56, EV 89.4 MPH) Tze-meng Gan to third
|
|
Batting: RHB Steve Bartman Jr.
|
0-0: Ground out 6-3 (Groundball, 56, EV 103.1 MPH)
|
| Top of the 2nd over - 0 runs, 1 hit, 0 errors, 1 left on base; Seattle 0 - Montreal 0 |
| BOTTOM OF THE 2ND |
|
Montreal Expos batting - Pitching for Seattle Mariners : RHP Yuri Bijleveld
|
|
Batting: RHB Hugo Bautista
|
0-0: Foul Ball, location: 2F 0-1: Foul Ball, location: 2F 0-2: SOLO HOME RUN (Flyball, 89XD, EV 96.9 MPH), Distance : 385 ft
|
|
Batting: LHB Steve Anderson
|
0-0: Ball 1-0: Ball 2-0: Ball 3-0: Called Strike 3-1: Called Strike 3-2: Base on Balls
|
|
Batting: LHB Jimmy Buscemi
|
0-0: Called Strike 0-1: Reached on error, E6 (Groundball, 4M, EV 85.6 MPH) Steve Anderson to second
|
|
Batting: RHB John Ham
|
0-0: Ball 1-0: Ball 2-0: Foul Ball, location: 2F 2-1: Foul Ball, location: 2F 2-2: Foul Ball, location: 2F 2-2: Ball 3-2: Foul Ball, location: 2F 3-2: Foul Ball, location: 2F 3-2: SINGLE (Groundball, 4S, EV 98.8 MPH) Steve Anderson to third Jimmy Buscemi to second
|
|
Batting: SHB Bran Stark
|
0-0: Called Strike 0-1: Called Strike 0-2: Foul Ball, location: 2F 0-2: Ball 1-2: Grounds into fielders choice 1-2 (Groundball, 13S, EV 70.0 MPH) Jimmy Buscemi to third John Ham to second
|
|
Batting: RHB Nick Sharp
|
0-0: Ball 1-0: Foul Ball, location: 2F 1-1: Grounds into double play, 3-6-3 (Groundball, 34, EV 85.6 MPH)
|
| Bottom of the 2nd over - 1 run, 2 hits, 1 error, 2 left on base; Seattle 0 - Montreal 1 |
| TOP OF THE 3RD |
|
Seattle Mariners batting - Pitching for Montreal Expos : RHP Jon Turman
|
|
Batting: RHB Young-kwang Ohnn
|
0-0: Called Strike 0-1: Swinging Strike 0-2: SINGLE (Groundball, 56D, EV 94.4 MPH)
|
|
Batting: RHB Ivan Colon
|
0-0: Ball 1-0: Ball 2-0: SINGLE (Groundball, 6D, EV 101.9 MPH) Young-kwang Ohnn to second
|
|
Batting: LHB John Zumbo
|
0-0: Ball 1-0: Ball 2-0: Swinging Strike 2-1: Foul Ball, location: 2F 2-2: Ball 3-2: Strikes out swinging
|
|
Batting: LHB Bi-jun Chien
|
0-0: Foul Ball, location: 2F 0-1: Ball 1-1: Called Strike 1-2: Foul Ball, location: 2F 1-2: Fly out, F3 (Popup, 34, EV 76.2 MPH)
|
|
Batting: SHB Floyd-William Goof
|
0-0: Fly out, F9 (Flyball, 9LM, EV 83.1 MPH)
|
| Top of the 3rd over - 0 runs, 2 hits, 0 errors, 2 left on base; Seattle 0 - Montreal 1 |
| BOTTOM OF THE 3RD |
|
Montreal Expos batting - Pitching for Seattle Mariners : RHP Yuri Bijleveld
|
|
Batting: RHB Robby Juarez
|
0-0: Ball 1-0: Ball 2-0: Fly out, F8 (Flyball, 78M, EV 85.0 MPH)
|
|
Batting: SHB Pete Barutha
|
0-0: Ball 1-0: Foul Ball, location: 2F 1-1: Foul Ball, location: 2F 1-2: Ball 2-2: Strikes out swinging
|
|
Batting: RHB Mike Salmon
|
0-0: Called Strike 0-1: Ball 1-1: Foul Ball, location: 2F 1-2: Ground out 6-3 (Groundball, 6, EV 103.8 MPH)
|
| Bottom of the 3rd over - 0 runs, 0 hits, 0 errors, 0 left on base; Seattle 0 - Montreal 1 |
| TOP OF THE 4TH |
|
Seattle Mariners batting - Pitching for Montreal Expos : RHP Jon Turman
|
|
Batting: SHB Tze-meng Gan
|
0-0: Foul Ball, location: 2F 0-1: Ball 1-1: Ball 2-1: Called Strike 2-2: Ball 3-2: Foul Ball, location: 2F 3-2: Foul Ball, location: 2F 3-2: Foul Ball, location: 2F 3-2: Base on Balls
|
|
Batting: LHB Dae-ik Yoon
|
0-0: Ball Wild Pitch! Tze-meng Gan to second 1-0: Ball 2-0: Swinging Strike 2-1: Ball 3-1: Foul Ball, location: 2F 3-2: Ground out U3 (Groundball, 3, EV 80.0 MPH) Tze-meng Gan to third
|
|
Batting: RHB Jose Vasquez
|
0-0: Ball 1-0: Foul Ball, location: 2F 1-1: Foul Ball, location: 2F 1-2: Ball 2-2: Foul Ball, location: 2F 2-2: Ball 3-2: Fly out, F8 (Flyball, 8RD, EV 105.6 MPH) Runner from 3rd tags up, SCORES, throw by CF
|
|
Batting: RHB Steve Bartman Jr.
|
0-0: Called Strike 0-1: Foul Ball, location: 2F 0-2: Fly out, F8 (Flyball, 89D, EV 90.6 MPH)
|
| Top of the 4th over - 1 run, 0 hits, 0 errors, 0 left on base; Seattle 1 - Montreal 1 |
| BOTTOM OF THE 4TH |
|
Montreal Expos batting - Pitching for Seattle Mariners : RHP Yuri Bijleveld
|
|
Batting: RHB Hugo Bautista
|
0-0: Ball 1-0: Foul Ball, location: 2F 1-1: Called Strike 1-2: Strikes out swinging
|
|
Batting: LHB Steve Anderson
|
0-0: Called Strike 0-1: Ball 1-1: SINGLE (Groundball, 4M, EV 96.2 MPH)
|
|
Batting: LHB Jimmy Buscemi
|
0-0: Swinging Strike 0-1: DOUBLE (Groundball, 5L, EV 105.0 MPH) Steve Anderson to third
|
|
Batting: RHB John Ham
|
0-0: Ball 1-0: Swinging Strike 1-1: Swinging Strike 1-2: Foul Ball, location: 2F 1-2: DOUBLE (Line Drive, 9LM, EV 102.5 MPH) Steve Anderson scores Jimmy Buscemi scores
|
|
Batting: SHB Bran Stark
|
0-0: Ball 1-0: Reached on error, E3 (Groundball, 34D, EV 87.5 MPH) John Ham to third
|
|
Batting: RHB Nick Sharp
|
0-0: Ball 1-0: Foul Ball, location: 2F 1-1: Foul Ball, location: 2F 1-2: Strikes out swinging
|
|
Pitching: RHP Takaaki Nakada
|
|
|
Batting: RHB Robby Juarez
|
0-0: Ball 1-0: Called Strike 1-1: Ball 2-1: Foul Ball, location: 2F 2-2: Hit by Pitch Bran Stark to second
|
|
Batting: SHB Pete Barutha
|
0-0: Foul Ball, location: 2F 0-1: Ball 1-1: Called Strike 1-2: Ball 2-2: Strikes out swinging
|
| Bottom of the 4th over - 2 runs, 3 hits, 1 error, 3 left on base; Seattle 1 - Montreal 3 |
| TOP OF THE 5TH |
|
Seattle Mariners batting - Pitching for Montreal Expos : RHP Jon Turman
|
|
Batting: RHB Young-kwang Ohnn
|
0-0: Called Strike 0-1: Ground out 6-3 (Groundball, 6, EV 101.9 MPH)
|
|
Batting: RHB Ivan Colon
|
0-0: Called Strike 0-1: Fly out, F9 (Flyball, 9S, EV 89.4 MPH)
|
|
Batting: LHB John Zumbo
|
0-0: Ball 1-0: Called Strike 1-1: Ball 2-1: Foul Ball, location: 2F 2-2: Strikes out looking
|
| Top of the 5th over - 0 runs, 0 hits, 0 errors, 0 left on base; Seattle 1 - Montreal 3 |
| BOTTOM OF THE 5TH |
|
Montreal Expos batting - Pitching for Seattle Mariners : RHP Takaaki Nakada
|
|
Batting: RHB Mike Salmon
|
0-0: Foul Ball, location: 2F 0-1: Ball 1-1: Foul Ball, location: 2F 1-2: Foul Ball, location: 2F 1-2: Strikes out swinging
|
|
Batting: RHB Hugo Bautista
|
0-0: Called Strike 0-1: Ground out 6-3 (Groundball, 6, EV 76.2 MPH)
|
|
Batting: LHB Steve Anderson
|
0-0: Foul Ball, location: 2F 0-1: Foul Ball, location: 2F 0-2: Fly out, F7 (Flyball, 78M, EV 90.6 MPH)
|
| Bottom of the 5th over - 0 runs, 0 hits, 0 errors, 0 left on base; Seattle 1 - Montreal 3 |
| TOP OF THE 6TH |
|
Seattle Mariners batting - Pitching for Montreal Expos : RHP Jon Turman
|
|
Batting: LHB Bi-jun Chien
|
0-0: Ball 1-0: Called Strike 1-1: Ball 2-1: Ground out 5-3 (Groundball, 25, EV 70.6 MPH)
|
|
Batting: SHB Floyd-William Goof
|
0-0: Swinging Strike 0-1: Ball 1-1: Ball 2-1: Foul Ball, location: 2F 2-2: Fly out, F7 (Flyball, 7LM, EV 93.1 MPH)
|
|
Batting: SHB Tze-meng Gan
|
0-0: Fly out, F8 (Flyball, 8LXD, EV 101.9 MPH)
|
| Top of the 6th over - 0 runs, 0 hits, 0 errors, 0 left on base; Seattle 1 - Montreal 3 |
| BOTTOM OF THE 6TH |
|
Montreal Expos batting - Pitching for Seattle Mariners : RHP Takaaki Nakada
|
|
Batting: LHB Jimmy Buscemi
|
0-0: Called Strike 0-1: Swinging Strike 0-2: DOUBLE (Line Drive, 7LD, EV 102.5 MPH)
|
|
Batting: RHB John Ham
|
0-0: Ball 1-0: Foul Ball, location: 2F 1-1: Ball 2-1: Called Strike 2-2: Ball 3-2: Strikes out swinging
|
|
Batting: SHB Bran Stark
|
0-0: Ball 1-0: Foul Ball, location: 2F 1-1: SINGLE (Groundball, 34D, EV 98.8 MPH) Jimmy Buscemi to third Runner from 3rd tries for Home, SAFE, throw by RF to home
|
|
Batting: RHB Nick Sharp
|
0-0: Ball Bran Stark is caught stealing 2nd base 2-4 1-0: Ball 2-0: Ball 3-0: Called Strike 3-1: Called Strike 3-2: Strikes out swinging
|
| Bottom of the 6th over - 1 run, 2 hits, 0 errors, 0 left on base; Seattle 1 - Montreal 4 |
| TOP OF THE 7TH |
|
Seattle Mariners batting - Pitching for Montreal Expos : RHP Jon Turman
|
|
Batting: LHB Dae-ik Yoon
|
0-0: Ball 1-0: Ball 2-0: SINGLE (Groundball, 34D, EV 109.4 MPH)
|
|
Batting: RHB Jose Vasquez
|
Pickoff Throw to First - Out! 1-3 0-0: Fly out, F9 (Flyball, 9D, EV 101.9 MPH)
|
|
Batting: RHB Steve Bartman Jr.
|
0-0: Ball 1-0: Called Strike 1-1: Foul Ball, location: 2F 1-2: DOUBLE (Line Drive, 7LS, EV 111.9 MPH)
|
|
Batting: RHB Young-kwang Ohnn
|
0-0: Ground out 4-3 (Groundball, 4M, EV 107.5 MPH)
|
| Top of the 7th over - 0 runs, 2 hits, 0 errors, 1 left on base; Seattle 1 - Montreal 4 |
| BOTTOM OF THE 7TH |
|
Montreal Expos batting - Pitching for Seattle Mariners : RHP Takaaki Nakada
|
|
Batting: RHB Robby Juarez
|
0-0: Ball 1-0: Called Strike 1-1: Called Strike 1-2: Strikes out swinging
|
|
Batting: SHB Pete Barutha
|
0-0: Fly out, F8 (Flyball, 89M, EV 95.0 MPH)
|
|
Batting: RHB Mike Salmon
|
0-0: Called Strike 0-1: Ball 1-1: Ground out 4-3 (Groundball, 4, EV 81.9 MPH)
|
| Bottom of the 7th over - 0 runs, 0 hits, 0 errors, 0 left on base; Seattle 1 - Montreal 4 |
| TOP OF THE 8TH |
|
Seattle Mariners batting - Pitching for Montreal Expos : RHP Jon Turman
|
|
Batting: RHB Ivan Colon
|
0-0: Called Strike 0-1: Ground out 5-3 (Groundball, 56, EV 80.6 MPH)
|
|
Batting: LHB John Zumbo
|
0-0: Foul Ball, location: 2F 0-1: Called Strike 0-2: Ball 1-2: Foul Ball, location: 2F 1-2: Ground out U3 (Groundball, 3, EV 83.8 MPH)
|
|
Batting: LHB Bi-jun Chien
|
0-0: Ball 1-0: Called Strike 1-1: Fly out, F8 (Flyball, 8RS, EV 92.5 MPH)
|
| Top of the 8th over - 0 runs, 0 hits, 0 errors, 0 left on base; Seattle 1 - Montreal 4 |
| BOTTOM OF THE 8TH |
|
Montreal Expos batting - Pitching for Seattle Mariners : RHP Takaaki Nakada
|
|
Pitching: RHP Bo Chia
|
|
|
Batting: RHB Hugo Bautista
|
0-0: Foul Ball, location: 2F 0-1: Ground out 6-3 (Groundball, 6, EV 103.8 MPH)
|
|
Batting: LHB Steve Anderson
|
0-0: Ball 1-0: Ground out 6-3 (Groundball, 6, EV 84.4 MPH)
|
|
Batting: LHB Jimmy Buscemi
|
0-0: Ball 1-0: Ball 2-0: Ball 3-0: Base on Balls
|
|
Batting: RHB John Ham
|
0-0: Ball 1-0: Ball 2-0: Ball 3-0: Base on Balls Jimmy Buscemi to second
|
|
Batting: SHB Bran Stark
|
0-0: Foul Ball, location: 2F 0-1: Ball 1-1: Ball 2-1: Foul Ball, location: 2F 2-2: SINGLE (Line Drive, 8RS, EV 90.0 MPH) Jimmy Buscemi to third John Ham to second Runner from 3rd tries for Home, SAFE, throw by CF to home
|
|
Batting: RHB Nick Sharp
|
0-0: Foul Ball, location: 2F 0-1: Ball 1-1: Ball 2-1: Foul Ball, location: 2F 2-2: Ball 3-2: Foul Ball, location: 2F 3-2: Foul Ball, location: 2F 3-2: Foul Ball, location: 2F 3-2: Foul Ball, location: 2F 3-2: Foul Ball, location: 2F 3-2: Strikes out swinging
|
| Bottom of the 8th over - 1 run, 1 hit, 0 errors, 2 left on base; Seattle 1 - Montreal 5 |
| TOP OF THE 9TH |
|
Seattle Mariners batting - Pitching for Montreal Expos : RHP Jon Turman
|
|
Pitching: RHP Alan Taylor
|
|
|
Batting: SHB Floyd-William Goof
|
0-0: Ball 1-0: Ball 2-0: Ball 3-0: Called Strike 3-1: Foul Ball, location: 2F 3-2: Ground out 6-3 (Groundball, 6M, EV 105.0 MPH)
|
|
Batting: SHB Tze-meng Gan
|
0-0: Ball 1-0: Ground out 2-3 (Groundball, 15S, EV 66.2 MPH)
|
|
Batting: LHB Dae-ik Yoon
|
0-0: Ball 1-0: Foul Ball, location: 2F 1-1: DOUBLE (Line Drive, 8RXD, EV 108.1 MPH)
|
|
Batting: RHB Jose Vasquez
|
0-0: DOUBLE (Line Drive, 9LM, EV 107.5 MPH) Dae-ik Yoon scores
|
|
Batting: RHB Steve Bartman Jr.
|
0-0: Called Strike 0-1: Foul Ball, location: 2F 0-2: Ground out 5-3 (Groundball, 56S, EV 85.6 MPH)
|
| Top of the 9th over - 1 run, 2 hits, 0 errors, 1 left on base; Seattle 2 - Montreal 5 |
|